Map: Jagannatha LE

Players

ShoWTimE

  • Race: Protoss Protoss
  • League: Grandmaster

TLHarstem (Harstem) - Winner!

  • Race: Protoss Protoss
  • League: Master

Event: DreamHack SC2 Masters 2021 Summer

VOD

Have the link to the VOD?

Description

Time

  • Played on: June 2, 2021, 12:06 p.m.
  • Length: 22:35

All games in this series

Show
View Real Time Build Order
Export as new Build Order

ShoWTimE Protoss 

Build Orders: Phoenix Opening 

Get SALT Encoding   

  12  0:00  Probe  
  13  0:12  Probe  
  14  0:17  Pylon  
  14  0:24  Probe (Chrono Boost)  
  15  0:36  Probe (Chrono Boost)  
  15  0:37  Gateway  
  16  0:44  Probe (Chrono Boost)  
  16  0:46  Assimilator  
  17  0:50  Probe  
  17  0:55  Assimilator  
  18  1:03  Probe (Chrono Boost)  
  19  1:09  Gateway  
  19  1:15  Probe (Chrono Boost)  
  20  1:21  Probe (Chrono Boost)  
  21  1:25  Cybernetics Core  
  21  1:29  Probe  
  22  1:35  Pylon  
  22  1:41  Probe  
  23  1:53  Probe  
  24  2:00  Warp Gate (Chrono Boost)  
  24  2:02  Stalker x2  
  24  2:07  Probe  
  29  2:12  Pylon  
  29  2:32  Stalker x2  
  33  2:57  Nexus  
  33  3:05  Sentry x2  
  37  3:07  Probe  
  38  3:14  Pylon  
  38  3:19  Probe  
  39  3:31  Twilight Council  
  39  3:32  Probe (Chrono Boost)  
  40  3:43  Probe (Chrono Boost), Shield Battery  
  40  3:48  Probe (Chrono Boost), Phoenix  
  41  3:49  Sentry  
  44  3:56  Forge  
  44  3:59  Probe (Chrono Boost)  
  45  4:08  Blink  
  45  4:10  Probe (Chrono Boost)  
  47  4:17  Probe (Chrono Boost)  
  47  4:19  Probe (Chrono Boost)  
  47  4:23  Protoss Ground Weapons Level 1 (Chrono Boost)  
  49  4:25  Probe x2 (Chrono Boost)  
  50  4:36  Probe (Chrono Boost)  
  52  4:40  Probe (Chrono Boost)  
  52  4:42  Probe (Chrono Boost)  
  53  4:48  Phoenix, Nexus  
  53  4:49  Probe  
  54  4:55  Probe  
  54  4:56  Robotics Facility  
  54  4:59  Pylon  
  55  5:01  Probe  
  55  5:04  Stalker  
  58  5:08  Probe  
  58  5:12  Assimilator, Stalker  
  61  5:14  Probe  
  61  5:19  Shield Battery  
  61  5:20  Probe  
  63  5:26  Probe, Pylon  
  47  5:28  Phoenix  
  64  5:29  Stalker  
  64  5:32  Probe  
  67  5:36  Stalker  
  67  5:39  Probe  
  70  5:44  Probe, Observer  
  72  5:50  Gateway  
  72  5:51  Gateway  
  72  5:52  Probe (Chrono Boost)  
  74  5:57  Stalker  
  74  6:00  Probe (Chrono Boost)  
  74  6:01  Probe (Chrono Boost)  
  78  6:07  Observer  
  78  6:08  Gateway  
  78  6:09  Probe (Chrono Boost), Protoss Ground Weapons Level 2 (Chrono Boost)  
  78  6:10  Probe (Chrono Boost)  
  78  6:11  Gateway  
  81  6:12  Probe (Chrono Boost)  
  81  6:15  Probe (Chrono Boost)  
  82  6:20  Probe x2  
  84  6:31  Nexus  
  84  6:33  Pylon  
  84  6:34  Stalker  
  84  6:36  Charge  
  84  6:38  Phoenix  
  86  6:46  Gateway x2  
  86  6:56  Immortal (Chrono Boost)  
  86  7:01  Probe x3, Assimilator  
  93  7:09  Pylon  
  93  7:15  Probe x2  
  95  7:17  Probe  
  95  7:20  Templar Archives  
  95  7:21  Zealot x2  
  100  7:23  Pylon  
  100  7:30  Pylon  
  100  7:31  Pylon  
  100  7:32  Warp Prism  
  102  7:37  Pylon  
  102  7:42  Zealot x4  
  102  7:43  Zealot x3  
  115  7:50  Pylon  
  115  7:53  Gateway  
  115  7:54  Gateway  
  115  7:56  Shield Battery  
  115  7:59  High Templar  
  115  8:05  High Templar x3  
  121  8:06  Zealot x2  
  121  8:09  Archon, Pylon  
  121  8:11  Archon  
  127  8:14  Pylon  
  127  8:20  Zealot x2  
  127  8:23  Phoenix, Pylon  
  127  8:24  Protoss Ground Weapons Level 3 (Chrono Boost)  
  127  8:26  Pylon  
  131  8:27  Zealot x2  
  131  8:32  Zealot  
  137  8:38  Probe x3  
  137  8:39  Probe  
  137  8:41  Assimilator  
  141  8:42  Assimilator  
  141  8:44  Robotics Bay  
  141  8:48  Robotics Facility  
  141  8:50  Probe x3  
  141  8:55  Photon Cannon  
  144  8:57  Photon Cannon  
  144  8:59  Zealot x3  
  144  9:00  Zealot  
  144  9:01  Probe  
  153  9:03  Probe  
  153  9:04  Probe  
  153  9:05  Probe, Assimilator  
  156  9:14  Shield Battery  
  156  9:17  Photon Cannon  
  156  9:19  Shield Battery  
  156  9:20  High Templar x2  
  156  9:24  Archon  
  160  9:25  Zealot x5  
  160  9:28  Pylon  
  160  9:29  Disruptor (Chrono Boost)  
  170  9:33  Disruptor (Chrono Boost)  
  170  9:36  Shield Battery  
  175  9:48  Pylon  
  175  9:49  Stalker  
  177  9:52  Zealot x2  
  177  9:53  Zealot x4  
  177  9:59  Photon Cannon  
  189  10:02  Disruptor x2 (Chrono Boost)  
  189  10:05  Zealot  
  189  10:06  Zealot  
  187  10:15  Zealot x5  
  171  10:25  Zealot x3  
  173  10:29  Probe x2  
  173  10:30  Probe  
  173  10:31  Photon Cannon  
  173  10:34  Gravitic Boosters (Chrono Boost)  
  176  10:36  Dark Shrine  
  176  10:38  Observer (Chrono Boost)  
  176  10:40  Assimilator  
  176  10:41  Stalker  
  182  10:44  Disruptor (Chrono Boost)  
  182  10:46  Zealot x3  
  166  11:03  Zealot x5  
  166  11:04  Zealot  
  174  11:09  Disruptor (Chrono Boost)  
  166  11:14  Probe, Gateway  
  166  11:16  Gateway  
  159  11:20  Disruptor (Chrono Boost)  
  153  11:26  Stalker x6  
  165  11:37  Zealot  
  165  11:38  Photon Cannon  
  167  11:40  Dark Shrine  
  167  11:47  Shadow Stride (Chrono Boost)  
  165  11:57  Zealot x5  
  165  11:58  Zealot x5  
  180  12:01  Disruptor  
  180  12:02  Disruptor  
  181  12:17  Zealot x3  
  181  12:21  Protoss Shields Level 1 (Chrono Boost)  
  187  12:24  Pylon  
  187  12:27  Nexus  
  186  12:37  Disruptor  
  186  12:41  Pylon  
  186  12:43  Disruptor  
  172  12:47  Dark Templar x6  
  172  12:48  Dark Templar  
  183  13:04  Zealot x2  
  183  13:05  Zealot x3  
  188  13:13  Observer  
  188  13:19  Observer, Photon Cannon  
  190  13:22  Photon Cannon, Stalker x3  
  190  13:23  Stalker  
  198  13:28  Photon Cannon  
  189  13:36  Stalker x4  
  189  13:53  Probe  
  189  13:55  Stalker x6  
  186  14:00  Stalker  
  191  14:23  Stalker x8  
  197  14:24  Protoss Air Weapons Level 1 (Chrono Boost)  
  194  14:38  Observer  
  191  14:43  Stalker x4  
  191  14:45  Observer  
  185  14:58  Zealot x2  
  185  15:01  Probe  
  185  15:04  Stargate  
  185  15:06  Dark Templar x6  
  185  15:07  Zealot x2  
  200  15:10  Assimilator  
  200  15:11  Probe x2, Assimilator  
  196  15:15  Probe  
  196  15:16  Probe x2  
  197  15:22  Zealot  
  197  15:23  Probe  
  169  15:38  Zealot x6  
  177  15:43  Observer  
  177  15:44  Observer  
  179  15:53  Zealot x4  
  186  15:58  Probe, Observer  
  186  16:05  Observer x2  
  188  16:15  Observer  
  183  16:20  Nexus  
  183  16:26  Pylon  
  183  16:30  Dark Templar  
  183  16:31  Dark Templar, Fleet Beacon  
  183  16:32  Stargate  
  187  16:35  Stargate  
  187  16:38  Observer, Protoss Air Armor Level 1 (Chrono Boost)  
  187  16:43  Zealot x5  
  189  16:57  Dark Templar x3  
  176  17:18  Stalker x7  
  165  17:37  Zealot x5  
  165  17:41  Tempest (Chrono Boost)  
  175  17:48  Probe  
  175  17:49  Probe x5  
  182  18:01  Probe x6  
  182  18:03  Tempest (Chrono Boost)  
  188  18:10  Zealot x5  
  198  18:16  Observer  
  198  18:19  Observer  
  189  18:29  Zealot x4  
  189  18:30  Tempest (Chrono Boost)  
  189  18:32  Probe  
  189  18:33  Probe  
  200  18:54  Stalker x3  
  200  18:55  Stalker x4  
  198  19:01  Stalker x4  
  181  19:07  Observer  
  178  19:10  Tempest (Chrono Boost)  
  178  19:12  Tempest (Chrono Boost)  
  181  19:47  High Templar x6  
  181  19:48  High Templar  
  183  19:56  Archon x2  
  183  19:57  Archon  
  183  19:58  High Templar x2  
  183  19:59  High Templar  
  191  20:03  Archon x2  
  163  20:39  Observer  
  163  20:54  Gateway  
  163  20:55  Gateway  
  163  20:57  Gateway  
  163  21:00  Pylon  
  163  21:02  Pylon  
  121  21:32  Cybernetics Core  
  119  21:34  Gateway  
  119  21:36  Gateway  
  119  21:46  Zealot x4  
  127  21:49  Pylon  
  127  21:53  Pylon  
  93  22:12  Stalker x4  
  61  22:28  Stalker x4  
Show
View Real Time Build Order
Export as new Build Order

TLHarstem Protoss - Winner!

Build Orders: Oracle Opening, Phoenix Opening, Carriers, Zealot Archon 

Get SALT Encoding   

  12  0:00  Probe  
  13  0:12  Probe  
  14  0:17  Pylon  
  14  0:25  Probe (Chrono Boost)  
  15  0:37  Probe (Chrono Boost), Gateway  
  16  0:45  Probe (Chrono Boost)  
  16  0:46  Assimilator  
  17  0:51  Probe  
  17  0:55  Assimilator  
  18  1:03  Probe (Chrono Boost)  
  19  1:08  Gateway  
  19  1:12  Probe (Chrono Boost)  
  19  1:17  Probe (Chrono Boost)  
  21  1:26  Cybernetics Core  
  21  1:29  Probe  
  22  1:35  Pylon  
  22  1:42  Probe  
  23  1:54  Probe  
  24  2:03  Stalker  
  24  2:05  Warp Gate (Chrono Boost)  
  28  2:10  Stalker  
  28  2:11  Pylon  
  28  2:17  Probe  
  29  2:34  Sentry  
  31  2:41  Nexus  
  31  2:43  Sentry  
  33  2:47  Probe  
  34  2:53  Pylon  
  34  2:58  Oracle  
  34  2:59  Probe  
  34  3:02  Sentry  
  37  3:11  Shield Battery  
  37  3:12  Probe  
  38  3:18  Twilight Council  
  38  3:24  Probe  
  39  3:32  Forge  
  39  3:36  Probe  
  39  3:41  Pylon  
  40  3:50  Phoenix  
  40  3:54  Stalker  
  40  3:55  Probe x2 (Chrono Boost)  
  44  4:03  Protoss Ground Weapons Level 1 (Chrono Boost)  
  44  4:04  Blink  
  44  4:05  Probe (Chrono Boost)  
  44  4:07  Probe (Chrono Boost)  
  46  4:11  Probe (Chrono Boost)  
  46  4:14  Probe (Chrono Boost)  
  48  4:19  Probe  
  49  4:25  Probe  
  50  4:31  Probe  
  50  4:37  Probe  
  52  4:43  Probe, Nexus  
  53  4:48  Phoenix  
  53  4:49  Probe  
  53  4:50  Pylon  
  54  4:56  Probe  
  54  4:57  Robotics Facility  
  55  5:01  Probe  
  56  5:07  Gateway x2  
  56  5:08  Probe  
  56  5:10  Assimilator  
  56  5:13  Probe  
  58  5:17  Stalker  
  58  5:20  Probe  
  61  5:23  Stalker  
  61  5:25  Probe  
  64  5:31  Pylon  
  64  5:33  Probe (Chrono Boost)  
  65  5:37  Probe (Chrono Boost)  
  65  5:39  Gateway, Phoenix  
  65  5:40  Gateway  
  66  5:48  Protoss Ground Weapons Level 2 (Chrono Boost)  
  66  5:49  Probe (Chrono Boost), Observer  
  69  5:50  Probe (Chrono Boost)  
  69  5:55  Probe (Chrono Boost)  
  69  5:56  Probe (Chrono Boost)  
  72  6:00  Charge  
  72  6:02  Probe (Chrono Boost)  
  72  6:03  Pylon  
  73  6:05  Probe (Chrono Boost)  
  73  6:07  Probe (Chrono Boost)  
  73  6:09  Probe (Chrono Boost)  
  73  6:10  Probe (Chrono Boost), Immortal  
  79  6:14  Assimilator  
  81  6:20  Phoenix  
  81  6:21  Probe  
  81  6:24  Probe  
  82  6:25  Probe  
  83  6:34  Probe, Nexus  
  83  6:35  Gateway  
  83  6:36  Probe  
  83  6:37  Gateway  
  83  6:38  Templar Archives  
  85  6:41  Assimilator  
  85  6:44  Probe  
  86  6:48  Stalker  
  86  6:51  Zealot x2  
  86  6:54  Pylon  
  88  6:56  Stalker  
  88  6:57  Zealot  
  88  6:58  Probe  
  88  6:59  Probe  
  94  7:02  Probe, Shield Battery  
  95  7:11  Pylon  
  95  7:15  Gateway  
  95  7:18  High Templar x2  
  95  7:21  Gateway  
  95  7:22  Zealot x2  
  103  7:23  Archon, Pylon  
  103  7:25  Probe, Pylon  
  103  7:26  High Templar x2  
  103  7:29  Probe  
  109  7:30  Archon  
  109  7:33  Immortal  
  109  7:35  Zealot  
  115  7:44  Probe  
  115  7:47  Probe, Shield Battery  
  115  7:48  Probe, Photon Cannon  
  115  7:49  Probe  
  119  7:54  High Templar x2  
  119  7:55  Zealot x3  
  119  7:57  Probe  
  119  7:58  Archon, Phoenix  
  130  8:04  Probe  
  131  8:05  Probe  
  131  8:06  Pylon  
  131  8:09  Protoss Ground Weapons Level 3 (Chrono Boost)  
  131  8:12  Probe  
  133  8:15  Assimilator  
  133  8:17  Photon Cannon  
  133  8:18  Zealot x4  
  141  8:29  Pylon  
  141  8:31  Probe x2, Pylon  
  141  8:34  Assimilator  
  143  8:35  Pylon  
  143  8:37  Warp Prism (Chrono Boost)  
  143  8:38  Pylon  
  143  8:41  High Templar x2  
  147  8:42  Zealot x2  
  147  8:46  Shield Battery  
  147  8:47  Archon, Pylon  
  151  8:48  Zealot x3  
  151  8:51  High Templar x2  
  161  8:57  Archon  
  161  9:00  Zealot  
  161  9:05  Pylon  
  161  9:08  Zealot  
  161  9:09  High Templar x2  
  167  9:10  Zealot x2  
  167  9:15  Archon  
  169  9:18  Pylon  
  169  9:25  Nexus  
  169  9:27  High Templar x2, Pylon  
  169  9:28  Zealot x4  
  181  9:32  Zealot x2, Pylon  
  181  9:33  Archon  
  185  9:41  Probe  
  185  9:43  High Templar x2  
  192  9:49  Gateway x2  
  192  9:50  Gateway, Archon  
  192  9:51  Zealot x3  
  196  9:54  Pylon  
  196  9:56  Gateway  
  196  10:04  Photon Cannon, Robotics Bay  
  196  10:06  Robotics Facility  
  196  10:08  Pylon  
  180  10:16  Stalker x4  
  178  10:22  Stalker  
  178  10:23  Stalker  
  178  10:24  Zealot x3  
  178  10:27  Zealot  
  179  10:28  Probe  
  181  10:35  Photon Cannon  
  181  10:37  Shield Battery  
  179  10:43  Probe  
  179  10:46  Stalker x5  
  190  10:50  Protoss Shields Level 1 (Chrono Boost)  
  178  11:04  Disruptor  
  168  11:05  Stalker  
  168  11:06  Stalker x6  
  168  11:09  Probe x2  
  168  11:10  Probe  
  189  11:12  Assimilator  
  189  11:14  Dark Shrine  
  180  11:19  Disruptor  
  171  11:28  Probe  
  171  11:29  Zealot x7  
  186  11:34  Assimilator  
  186  11:39  Disruptor  
  186  11:40  Probe  
  186  11:42  Photon Cannon  
  186  11:44  Pylon  
  190  11:55  Disruptor  
  191  12:02  Zealot x2  
  189  12:11  Zealot x5  
  189  12:15  Disruptor  
  195  12:20  Gravitic Boosters (Chrono Boost)  
  196  12:23  Probe  
  196  12:24  Probe  
  196  12:26  Nexus  
  196  12:29  Photon Cannon x2  
  196  12:30  Photon Cannon, Pylon  
  196  12:31  Disruptor  
  196  12:32  Photon Cannon  
  171  12:45  Stalker x3  
  171  12:46  Stalker x2  
  171  12:47  Dark Templar  
  171  12:48  Dark Templar x3  
  189  12:51  Observer  
  189  12:56  Pylon  
  188  13:03  Probe (Chrono Boost)  
  193  13:05  Probe (Chrono Boost)  
  193  13:06  Disruptor  
  193  13:08  Probe x2 (Chrono Boost)  
  193  13:09  Probe (Chrono Boost)  
  193  13:12  Disruptor  
  190  13:14  Dark Templar  
  190  13:15  Dark Templar x2  
  190  13:16  Probe (Chrono Boost)  
  190  13:27  Photon Cannon  
  190  13:28  Photon Cannon  
  188  13:36  Zealot x8, Dark Templar  
  198  13:48  Disruptor  
  196  13:50  Protoss Shields Level 2 (Chrono Boost)  
  196  13:52  Probe  
  200  13:57  Photon Cannon  
  200  13:59  Photon Cannon  
  200  14:08  Photon Cannon  
  198  14:10  Shield Battery  
  198  14:12  Photon Cannon  
  198  14:13  Stargate  
  195  14:22  Stalker x3, Protoss Air Weapons Level 1 (Chrono Boost)  
  187  14:39  Probe  
  187  14:43  Cybernetics Core  
  187  14:45  Pylon  
  168  14:57  Probe  
  168  14:59  Fleet Beacon  
  151  15:00  Stalker x7  
  151  15:01  Stalker x3  
  171  15:07  Stargate, Dark Templar  
  171  15:08  Disruptor, Stargate  
  171  15:11  Disruptor  
  179  15:15  Probe  
  179  15:17  Shadow Stride (Chrono Boost), Assimilator  
  179  15:18  Assimilator, Dark Templar x3  
  178  15:22  Photon Cannon  
  178  15:23  Photon Cannon  
  178  15:29  Protoss Air Armor Level 1 (Chrono Boost)  
  156  15:40  Stalker x4  
  156  15:41  Stalker  
  157  15:43  Zealot x6  
  157  15:44  Disruptor  
  157  15:47  Observer  
  171  15:50  Probe  
  171  15:52  Pylon, Shield Battery  
  172  15:59  Carrier (Chrono Boost)  
  178  16:08  Disruptor  
  178  16:09  Carrier (Chrono Boost)  
  175  16:22  Protoss Air Weapons Level 2 (Chrono Boost)  
  175  16:25  Zealot x5  
  185  16:26  Zealot x4  
  185  16:29  Carrier (Chrono Boost)  
  197  16:54  Carrier (Chrono Boost)  
  185  16:58  Stalker x5  
  195  17:03  Carrier (Chrono Boost)  
  180  17:12  Stalker x3  
  180  17:13  Stalker  
  182  17:18  Zealot  
  182  17:19  Zealot x4  
  182  17:20  Disruptor  
  182  17:21  Disruptor  
  187  17:24  Carrier (Chrono Boost)  
  187  17:29  Zealot x2  
  185  17:30  Zealot x3  
  167  17:38  Stalker x3  
  167  17:41  Zealot x6  
  169  17:56  Disruptor  
  169  17:58  Zealot  
  169  18:01  Disruptor (Chrono Boost)  
  169  18:02  Stalker  
  169  18:03  Zealot x8  
  187  18:24  Nexus  
  182  18:28  Zealot x2  
  182  18:31  Dark Templar  
  191  18:34  Disruptor (Chrono Boost)  
  191  18:39  Disruptor (Chrono Boost)  
  180  19:00  Stalker x6  
  180  19:01  Stalker x2  
  190  19:03  Observer  
  190  19:07  Disruptor  
  191  19:14  Nexus, Dark Templar  
  193  19:24  Observer  
  193  19:29  Zealot x2, Dark Templar  
  200  19:45  Observer  
  179  19:59  Disruptor (Chrono Boost)  
  177  20:10  Zealot x3  
  177  20:11  Zealot x9  
  186  20:21  Probe  
  186  20:26  Dark Templar  
  181  20:32  Observer (Chrono Boost)  
  180  20:47  Stalker x3  
  157  21:01  Pylon  
  137  21:30  Zealot x2, Sentry  
  137  21:31  Photon Cannon  
Tags
 
Add a new tag
Caveats
  • Supply blocks, unpowered buildings, or Contaminate may cause inaccurate times.
  • Supply counts are checked every 10 seconds.